 Dungeon Crawl Stone Soup version 0.24-a0-375-g4de66ed42b (console) character file.

Game seed: 13084279532849679939

23 Lexodia the Shield-Bearer (level 2, -2/29 HPs)
             Began as a Troll Fighter on May 31, 2019.
             Slain by Grinder (9 damage)
             ... while paralysed by Grinder
             ... on level 3 of the Dungeon.
             The game lasted 00:01:30 (209 turns).

Lexodia the Shield-Bearer (Troll Fighter)            Turns: 209, Time: 00:01:31

Health: -2/29      AC:  6    Str: 23    XL:     2   Next: 72%
Magic:  1/1        EV:  1    Int:  4    God:
Gold:   12         SH:  0    Dex:  9    Spells: 1/1 levels left

rFire    . . .     SeeInvis .     - Unarmed
rCold    . . .     Gourm    +   b - +0 shield
rNeg     . . .     Faith    .   a - +0 robe
rPois    .         Spirit   .   (helmet restricted)
rElec    .         Reflect  .   (no cloak)
rCorr    .         Harm     .   (gloves unavailable)
MR       .....                  (boots unavailable)
Stlth    +.........             g - amulet of magic regeneration
HPRegen  0.49/turn              (no ring)
MPRegen  0.32/turn              (no ring)

@: paralysed
A: large, unfitting armour, claws 3, fast metabolism 3, gourmand, regeneration
1, shaggy fur 1, tough skin 3
a: no special abilities


You were on level 3 of the Dungeon.
You were very full.

You visited 1 branch of the dungeon, and saw 3 of its levels.

You collected 12 gold pieces.

Inventory:

Missiles
 f - 11 stones (quivered)
Armour
 a - a +0 robe (worn)
 b - a +0 shield (worn)
Jewellery
 g - an amulet of magic regeneration (around neck)
Scrolls
 h - a scroll of teleportation {unknown}
 j - a scroll of fear {unknown}
Potions
 c - a potion of might
 e - a potion of agility {unknown}
 i - a potion of flight {unknown}
Comestibles
 d - 2 rations
 k - 3 chunks of flesh


   Skills:
 - Level 2.4 Fighting
 + Level 0.8 Throwing
 - Level 2.4 Dodging
 * Level 2.9 Shields
 + Level 2.3 Unarmed Combat


You had one spell level left.
You didn't know any spells.
Your spell library was empty.

Dungeon Overview and Level Annotations

Branches:
Dungeon (3/15)

Altars:

Annotations:
D:3 Grinder


Innate Abilities, Weirdness & Mutations

You are too large for most types of armour.
You have claws for hands.
Your metabolism is lightning-fast.
You like to eat raw meat.
Your natural rate of healing is unusually fast.
You are covered in fur. (AC +1)
You have extremely tough skin. (AC +3)


Message History

Sorry, you're not good enough to have a special ability.
There is a stone staircase leading down here.
You climb downwards.
Grinder comes into view.
Found a scroll labeled ONOIR MAANAO.
There is a stone staircase leading up here.
Your shield prevents you from hitting Grinder.
Grinder hits you but does no damage.
You scratch Grinder but do no damage. Grinder gestures at you.
Pain shoots through your body!
Damage: -10%(-3hp) hp: 90%(26hp)
You closely miss Grinder. Grinder gestures at you.
You suddenly lose the ability to move!
Grinder hits you.
You writhe in agony.
Grinder hits you.
You writhe in agony.
* * * LOW HITPOINT WARNING * * *
Grinder hits you!
You die...

#####
#...###
#.@5..#
#.........
###....8..
##.....
#...# ....
?.. ##


You could see Grinder.

Vanquished Creatures
  A dart slug (D:1)
  3 leopard geckos
  A goblin (D:2)
  5 jackals (D:2)
  4 bats (D:1)
  A frilled lizard (D:1)
  A rat (D:1)
16 creatures vanquished.

Notes
Turn   | Place    | Note
-------+----------+-------------------------------------------
     0 | D:1      | Lexodia the Troll Fighter began the quest for the Orb.
     0 | D:1      | Reached XP level 1. HP: 22/22 MP: 0/0
    66 | D:1      | Reached XP level 2. HP: 28/29 MP: 1/1
   203 | D:3      | Noticed Grinder
   206 | D:3      | Paralysed by Grinder for 6 turns
   209 | D:3      | Slain by Grinder

Levels and vault maps discovered:
D:1:      lightli_arrival_maybe_door_vault, layout_loops_ring,
          minmay_split_cup_small
D:2:      layout_loops_cross, uniq_jessica
D:3:      layout_rooms, first_ration, grunt_ministairs_12,
          serial_park_tiny_pond, nicolae_tso_carved_into_rock, uniq_sigmund,
          uniq_natasha, uniq_terence, uniq_grinder

Action                   || total
-------------------------++-------
Melee: Unarmed           ||    49
  Eat: Chunk             ||     7
Armor: Robe              ||    14
Dodge: Dodged            ||    13
Block: Shield            ||    18

Table legend:
 A = Non-vault XP
 B = Vault XP
 C = Vault XP percentage of total XP
 D = Non-vault monster count
 E = Vault monster count
 F = Vault count percentage of total count
                 A         B        C        D         E       F
            +---------+---------+-------+---------+---------+-------
      Total |      26 |       7 |  21.2 |      13 |       3 |  18.8
            +---------+---------+-------+---------+---------+-------
        D:1 |       8 |       7 |  46.7 |       5 |       3 |  37.5
        D:2 |      18 |       0 |   0.0 |       8 |       0 |   0.0
            +---------+---------+-------+---------+---------+-------
